 Dungeon Crawl Stone Soup version 0.23.2-40-g277498a001 (webtiles) character file.

Game seed: 11762695850769685733

55 Doot the Firebug (level 3, -3/19 HPs)
             Began as a Tengu Fire Elementalist on Oct 6, 2019.
             Slain by a gnoll
             ... wielding a +0 spear
              (9 damage)
             ... on level 2 of the Dungeon.
             The game lasted 00:03:31 (1945 turns).

Doot the Firebug (Tengu Fire Elementalist)          Turns: 1945, Time: 00:03:32

Health: -3/19      AC:  2    Str:  8    XL:     3   Next: 93%
Magic:  3/7        EV: 13    Int: 16    God:
Gold:   55         SH:  0    Dex: 14    Spells: 2/6 levels left

rFire    + . .     SeeInvis .   (no weapon)
rCold    . . .     Gourm    .   (no shield)
rNeg     . . .     Faith    .   a - +0 robe
rPois    .         Spirit   .   (helmet restricted)
rElec    .         Reflect  .   (no cloak)
rCorr    .         Harm     .   (no gloves)
MR       .....                  (boots unavailable)
Stlth    ++........             (no amulet)
HPRegen  0.06/turn              j - ring of protection from fire (curse)
MPRegen  0.10/turn              o - +2 ring of slaying

@: no status effects
A: beak, talons 3
a: no special abilities


You were on level 2 of the Dungeon.
You were not hungry.

You visited 1 branch of the dungeon, and saw 2 of its levels.

You collected 55 gold pieces.

Inventory:

Armour
 a - a +0 robe (worn)
Jewellery
 j - a cursed ring of protection from fire (left hand)
 o - a +2 ring of slaying (right hand)
Scrolls
 d - a scroll of immolation {unknown}
 e - 2 scrolls of identify {unknown}
 g - a scroll of teleportation {unknown}
 k - a scroll of fear {unknown}
 m - a scroll of enchant weapon {unknown}
Potions
 b - a potion of mutation {unknown}
 f - a potion of brilliance {unknown}
 h - a potion of flight {unknown}
 i - a potion of curing {unknown}
 l - a potion of might {unknown}
Comestibles
 c - 3 rations
 n - 4 chunks of flesh


   Skills:
 + Level 2.3 Dodging
 + Level 2.1 Stealth
 + Level 2.3 Spellcasting
 * Level 2.6 Conjurations
 + Level 4.3 Fire Magic


You had 2 spell levels left.
You knew the following spells:

 Your Spells              Type           Power        Failure   Level  Hunger
a - Flame Tongue          Conj/Fire      ##...        4%          1    #......
b - Conjure Flame         Conj/Fire      ##......     14%         3    ###....

Your spell library contained the following spells:

 Spells                   Type           Power        Failure   Level  Hunger
 Throw Flame              Conj/Fire      ##....       7%          2    ###....
 Inner Flame              Hex/Fire       #.......     24%         3    ###....
 Sticky Flame             Conj/Fire      ##......     43%         4    #####..
 Fireball                 Conj/Fire      ##........   78%         5    ######.


Dungeon Overview and Level Annotations

Branches:
Dungeon (2/15)

Altars:


Innate Abilities, Weirdness & Mutations

You have a beak for a mouth.
You have claws for feet.


Message History

Okay, then.
Casting: Flame Tongue (safe; 5% risk of failure)
Confirm with . or Enter, or press ? or * to list all spells.
Aiming: Flame Tongue (safe; 5% risk of failure)
Press: ? - help, Shift-Dir - straight line, f/p - gnoll
Aim: a gnoll (heavily wounded)
The flame tongue hits the gnoll.
The gnoll is almost dead.
The gnoll completely misses you.
Casting: Flame Tongue (safe; 5% risk of failure)
Confirm with . or Enter, or press ? or * to list all spells.
Aiming: Flame Tongue (safe; 5% risk of failure)
Press: ? - help, Shift-Dir - straight line, f - gnoll, p - gnoll
Aim: a gnoll, wielding a +0 spear The flame tongue hits the gnoll!
You kill the gnoll!
The gnoll hits you from afar with a +0 spear.
The gnoll hits you from afar with a +0 spear!
The gnoll hits you with a +0 spear!
You die...

#.##.......#
#.##..###### #########
#.##..# ###.#...#.#
#.....#
#########.........#
####..#
.....##÷.##..#....#
#..#
######.###.#..#...#
#..# #
####.#.#.....######..#
# ###.....#@.......(.#
# #.###÷.gg...#####..#
# ###
#....#.l..........# #
#.#
###.#.S.#.........# #
#.# #.#.†#g...########
# #.# #).#........# #
#.# ###.........# ##
#.# #####.#..g# .###.#
#...(.....#


You could see 4 gnolls, a ball python and a frilled lizard.

Vanquished Creatures
  A gnoll (D:2)
  An adder (D:2)
  A worm (D:2)
  A dart slug (D:1)
  3 giant cockroaches
  4 goblins
  3 hobgoblins
  3 jackals (D:1)
  A quokka (D:2)
  5 bats (D:2)
  4 frilled lizards
  2 kobolds
  2 rats (D:2)
31 creatures vanquished.

Notes
Turn   | Place    | Note
-------+----------+-------------------------------------------
     0 | D:1      | Doot the Tengu Fire Elementalist began the quest for the
                  | Orb.
     0 | D:1      | Reached XP level 1. HP: 10/10 MP: 4/4
   368 | D:1      | Reached XP level 2. HP: 10/15 MP: 0/6
   719 | D:2      | Reached skill level 4 in Fire Magic
   778 | D:2      | Reached XP level 3. HP: 16/19 MP: 2/7
   786 | D:2      | Learned a level 3 spell: Conjure Flame
  1116 | D:2      | Noticed Terence
  1945 | D:2      | Slain by a gnoll

Skill      XL: |  1  2  3 |
---------------+----------+-----
Fire Magic     | 4 |  4.3
Conjurations   | 2 |  2.6
Dodging        | |  2.3
Stealth        | |  2.1
Spellcasting   | |  2.3

Action                   || total
-------------------------++-------
Melee: Unarmed           ||     2
       Kick              ||     1
       Peck              ||     1
 Cast: Flame Tongue      ||    73
  Eat: Chunk             ||     4
Armor: Robe              ||    11
Dodge: Dodged            ||    32
